 Dungeon Crawl Stone Soup version 0.29.1-13-g9f3cf754e1 (webtiles) character file.

Game seed: 13569004148540461240

664 KyoPewz the Magician (level 7, -11/36 HPs)
             Began as a Deep Elf Conjurer on Feb 6, 2023.
             Mangled by Duvessa
             ... wielding a +0 short sword
              (15 damage)
             ... on level 5 of the Dungeon on Feb 8, 2023.
             The game lasted 00:19:06 (5247 turns).

KyoPewz the Magician (Deep Elf Conjurer)            Turns: 5247, Time: 00:19:07

Health: -11/36     AC:  3    Str:  4    XL:     7   Next: 31%
Magic:  22/28      EV: 12    Int: 25    God:
Gold:   339        SH:  0    Dex: 13    Spells: 4/20 levels left

rFire   . . .      SeeInvis .   J - +3 dagger (venom)
rCold   . . .      Faith    .   (no shield)
rNeg    . . .      Spirit   .   a - +0 robe
rPois   +          Reflect  .   C - +0 helmet
rElec   .          Harm     +   q - scarf {harm}
rCorr   .          Rampage  .   (no gloves)
Will    .....                   (no boots)
Stlth   ++........              (no amulet)
HPRegen 0.12/turn               v - ring of magical power
MPRegen 0.21/turn               H - ring of poison resistance

@: about to teleport
A: no striking features
a: no special abilities


You were on level 5 of the Dungeon.
You visited 1 branch of the dungeon, and saw 5 of its levels.

You collected 339 gold pieces.

Inventory:

Hand Weapons
 n - a +0 short sword
 E - a +1 dagger of venom
 J - a +3 dagger of venom (weapon)
Missiles
 m - 45 stones
 A - 2 silver javelins
Armour
 a - a +0 robe (worn)
 q - a scarf of harm (worn)
 t - the +0 ring mail of Bussuos {Regen+ Stlth+}
   (You found it on level 2 of the Dungeon)

   Regen:     It increases your rate of health regeneration.
   Stlth:     It makes you more stealthy.
 u - a +0 ring mail of cold resistance
 C - a +0 helmet (worn)
Jewellery
 e - a ring of fire
 j - a ring of willpower
 v - a ring of magical power (left hand)
 H - a ring of poison resistance (right hand)
 I - a ring of protection from cold
Wands
 D - a wand of roots (3)
Scrolls
 c - a scroll of vulnerability {unknown}
 l - a scroll of poison {unknown}
 o - a scroll of enchant weapon {unknown}
 w - a scroll of immolation {unknown}
 x - a scroll of identify {unknown}
 y - 3 scrolls of teleportation
 z - 3 scrolls of blinking {unknown}
 B - a scroll of noise {unknown}
 F - a scroll of acquirement {unknown}
Potions
 b - a potion of magic
 d - 2 potions of heal wounds {unknown}
 f - 2 potions of attraction {unknown}
 g - a potion of haste {unknown}
 h - 3 potions of mutation {unknown}
 i - a potion of invisibility {unknown}
 k - a potion of ambrosia {unknown}
 p - 5 potions of curing
 r - 2 potions of lignification {unknown}
 s - 3 potions of brilliance {unknown}
 G - 2 potions of degeneration {unknown}


   Skills:
 - Level 2.8 Dodging
 - Level 2.7 Stealth
 + Level 7.3 Spellcasting
 - Level 5.0 Conjurations
 * Level 5.8 Hexes
 * Level 2.8 Translocations
 + Level 0.6 Fire Magic


You had 4 spell levels left.
You knew the following spells:

 Your Spells              Type           Power      Damage    Failure   Level
a - Magic Dart            Conj           100%       1d8       1%          1
b - Searing Ray           Conj           68%        2d6       1%          2
c - Dazzling Flash        Conj/Hex       72%        N/A       1%          3
d - Tukima's Dance        Hex            38%        N/A       1%          3
e - Conjure Flame         Conj/Fire      23%        6-21      6%          3
f - Iskenderun's Mystic   Conj/Tloc      28%        2d7       13%         4

Your spell library contained the following spells:

 Spells                   Type           Power      Damage    Failure   Level
 Portal Projectile        Hex/Tloc       62%        N/A       3%          3
 Fulminant Prism          Conj/Hex       18%        3d11      7%          4
 Sublimation of Blood     Necr           9%         N/A       10%         2
 Ignite Poison            Fire/Tmut/Pois 10%        N/A       19%         3
 Sticky Flame             Conj/Fire      23%        2d4       21%         4
 Petrify                  Tmut/Erth      9%         N/A       54%         4
 Irradiate                Conj/Tmut      10%        3d15      54%         5
 Blade Hands              Tmut           4%         N/A       88%         5


Dungeon Overview and Level Annotations

Branches:
Dungeon (5/15)
 Temple: D:4-7

Altars:
Gozag
Ru
Uskayaw
Zin

Annotations:
D:5 Duvessa


Message History

a +3 dagger of venom; a +0 robe; the elf corpse of Dowan
Okay, then.
Okay, then.
Okay, then.
Your +1 dagger of venom stops dripping with poison.
Your +3 dagger of venom begins to drip with poison!
J - a +3 dagger of venom (weapon)
Casting: Magic Dart (safe; 1% risk of failure)
Confirm with . or Enter, or press ? or * to list all spells.
Aiming: Searing Ray (safe; 1% risk of failure)
Press: ? - help, Shift-Dir - straight line, f - Duvessa
Aim: Duvessa, wielding a +0 short sword and wearing a +0 ring mail (wandering, hasn't noticed you, 86% to hit)
The searing ray hits Duvessa.
Duvessa is lightly wounded.
Duvessa shouts! (Press . to maintain the ray.) Duvessa goes berserk!
The searing ray hits Duvessa.
Duvessa is lightly wounded.
The searing ray hits Duvessa.
Duvessa is lightly wounded.
Duvessa barely misses you.
The searing ray hits Duvessa.
Duvessa is moderately wounded.
You finish channelling your searing ray.
Duvessa barely misses you. Duvessa closely misses you.
Duvessa hits you with a +0 short sword!
You barely miss Duvessa.
Duvessa is moderately wounded.
Duvessa hits you with a +0 short sword. x2
* * * LOW HITPOINT WARNING * * *
Unknown command.
As you read the scroll of teleportation, it crumbles to dust.
You feel strangely unstable. Duvessa barely misses you.
It was a potion of curing.
You feel better. Duvessa hits you with a +0 short sword!
Ouch! That really hurt!
* * * LOW HITPOINT WARNING * * *
Duvessa hits you with a +0 short sword!
You die...

#.##.##..........####
###.##.####.#####..#
....##..<...# #..#
.........e..#####..##### ##
..####.#..))...........#### #.
..####.#.....e....#.......# ###.
..........#.####.##.##.##.####...
..####......# #e##.............O
.......##e### #@##.##.##.####...
..#######.## #)......##.# ###.
### #...# #.##.......# #. #...#
#.##.##.#### #. ###### #...#
#.##....# #. .....# #...#
#.####..# ## ####.#
#...#####.......# #######
####.###.......[.......# #.....#
.................####..####.....#


You could see Duvessa (berserk).

Vanquished Creatures
  A water moccasin (D:5)
  2 ogres (D:5)
  Dowan (D:5)
  A hound (D:5)
  A jelly (D:4)
  An orc priest (D:5)
  An iguana (D:5)
  Robin (D:3)
  10 adders
  4 worms
  3 dart slugs (D:4)
  13 orcs
  6 endoplasms
  A giant cockroach (D:2)
  18 goblins
  12 hobgoblins
  7 jackals
  A quokka (D:1)
  3 ball pythons
  8 bats
  7 frilled lizards
  4 kobolds
  5 rats
111 creatures vanquished.

Notes
Turn   | Place    | Note
-------+----------+-------------------------------------------
     0 | D:1      | KyoPewz the Deep Elf Conjurer began the quest for the Orb.
     0 | D:1      | Reached XP level 1. HP: 10/10 MP: 6/6
   344 | D:1      | Reached XP level 2. HP: 15/15 MP: 4/8
   347 | D:1      | Learned a level 2 spell: Searing Ray
  1188 | D:2      | Reached XP level 3. HP: 19/19 MP: 2/10
  1260 | D:2      | Learned a level 3 spell: Dazzling Flash
  1284 | D:2      | Reached skill level 4 in Spellcasting
  1397 | D:2      | Identified the +0 ring mail of Bussuos {Regen+ Stlth+}
  1436 | D:2      | Found a faded altar of an unknown god.
  1518 | D:2      | Learned a level 3 spell: Tukima's Dance
  1777 | D:2      | Reached skill level 5 in Conjurations
  2013 | D:2      | Reached skill level 1 in Hexes
  2401 | D:3      | Reached XP level 4. HP: 24/24 MP: 8/12
  2449 | D:3      | Noticed Robin
  2632 | D:3      | Killed Robin
  2633 | D:3      | Reached skill level 5 in Spellcasting
  3104 | D:3      | Found a sacrificial altar of Ru.
  3224 | D:3      | Found a hide-covered altar of Uskayaw.
  3258 | D:4      | Reached XP level 5. HP: 28/28 MP: 9/15
  3788 | D:4      | Reached skill level 6 in Spellcasting
  3992 | D:4      | Found an opulent altar of Gozag.
  4019 | D:4      | Found a glowing silver altar of Zin.
  4102 | D:4      | Learned a level 3 spell: Conjure Flame
  4107 | D:4      | Learned a level 4 spell: Iskenderun's Mystic Blast
  4110 | D:5      | Entered Level 5 of the Dungeon
  4241 | D:5      | Reached XP level 6. HP: 25/32 MP: 17/17
  4358 | D:5      | Reached skill level 1 in Translocations
  4493 | D:5      | Noticed a water moccasin
  4538 | D:5      | Reached skill level 5 in Hexes
  4654 | D:5      | Killed a water moccasin
  4655 | D:5      | Reached skill level 7 in Spellcasting
  4655 | D:5      | Reached XP level 7. HP: 27/36 MP: 19/19
  5067 | D:5      | Noticed Duvessa
  5067 | D:5      | Noticed Dowan
  5233 | D:5      | Killed Dowan
  5247 | D:5      | Mangled by Duvessa

Illustrated notes

Levels and vault maps discovered:
D:1:      lightli_arrival_chessboard, layout_loops_ring
D:2:      layout_basic, hellmonk_ecumenical_altar_zigzags, serial_rivers,
          chequers_serial_rivers_large_b, chequers_serial_rivers_micro_d,
          chequers_serial_rivers_small_a, chequers_serial_rivers_small_b,
          chequers_serial_rivers_marsh, chequers_serial_rivers_micro_a
D:3:      layout_rooms, nicolae_overflow_crystal_walls,
          nicolae_uskayaw_suspiria, uniq_robin
D:4:      layout_rooms, grunt_temple_overflow_gold_and_silver
D:5:      layout_loops_cross, uniq_duvessa

Skill      XL: |  1  2  3  4  5  6 |
---------------+-------------------+-----
Spellcasting   | 4 5 6 7 |  7.3
Conjurations   | 5 |  5.0
Hexes          | 1 2 3 5 |  5.8
Translocations | 2 |  2.8
Dodging        | |  2.8
Stealth        | |  2.7
Fire Magic     | |  0.6

Action                   |  1- 3 |  4- 6 |  7- 9 || total
-------------------------+-------+-------+-------++-------
Melee: Dagger            |       |       |     1 ||     1
 Cast: Magic Dart        |    86 |   127 |     4 ||   217
       Searing Ray       |       |     7 |     6 ||    13
  Use: Scroll            |       |     1 |     1 ||     2
       Potion            |       |       |     1 ||     1
Armor: Robe              |       |     7 |       ||     7
Dodge: Dodged            |     5 |     5 |     5 ||    15
